cohdb
Replays
Latest Replays
All Replays
Popular Replays
Top Player Replays
Match Explorer
How It Works
Community
CoH3 Stats
Reddit
Sign in to upload your games and track your stats! →
Sign in with Steam
Match 47068042
Unlisted
Match 47068042
Overview
Messages
Build Orders
End
Panzergrenadier Squad
Panzergrenadier Squad
Construct Light Support Kompanie
Assault Grenadier Squad
Fire Support Elements
Combat Half-tracks
Assault Mechanized Group
Panzerjäger Squad
Construct Panzerarmee Kommand
Emergency Repair Kits
Panzer III L Medium Tank
Selects Armored Support Battlegroup
Selects Veteran Gunners
Selects Salvage Kits
Assault Mechanized Group
Panzer III L Medium Tank
Selects Panzer Storm
Selects Stuka Anti-tank Loiter
Panzer III L Medium Tank
Rapid Advance
Selects Flammpanzer III Medium Tank
Stuka Anti-tank Loiter
Panzer III L Medium Tank
Tungsten Core Ammunition
Walking Stuka Rocket Launcher
Stuka Anti-tank Loiter
Armored Reserves
Stuka Anti-tank Loiter
Tiger Heavy Tank
Royale with Cheese
I AM NOOB
Bruistablet
Papa Smurf
0
0
Comments
sign in to comment!
No comments posted yet!